 Dungeon Crawl Stone Soup version 0.18.1-8-gdd0e5ea (webtiles) character file.

79 nikopol the Shooter (level 4, -1/30 HPs)
             Began as a High Elf Hunter on June 5, 2016.
             Slain by a scorpion (3 damage)
             ... on level 3 of the Dungeon.
             The game lasted 00:05:47 (1620 turns).

nikopol the Shooter (High Elf Hunter)               Turns: 1620, Time: 00:05:48

Health: -1/30      AC:  3    Str: 11    XL:     4   Next: 16%
Magic:  5/5        EV: 13    Int: 14    God:
Gold:   50         SH:  0    Dex: 17    Spells: 0 memorised, 3 levels left

rFire  . . .     SeeInvis .     b - +0 short sword
rCold  . . .     Gourm    .     c - +0 leather armour
rNeg   . . .     Faith    .     (no shield)
rPois  .         Spirit   .     (no helmet)
rElec  .         Dismiss  .     (no cloak)
rCorr  .         Reflect  .     (no gloves)
SustAt .         Harm     .     (no boots)
MR     .....                    (no amulet)
Stlth  ++........               (no ring)
                                (no ring)

@: lethally poisoned (-1 -> -2), not resistant to hostile enchantments,
unstealthy
A: no striking features
a: no special abilities


You were on level 3 of the Dungeon.
You were not hungry.

You visited 1 branch of the dungeon, and saw 3 of its levels.

You collected 50 gold pieces.

Inventory:

Hand Weapons
 a - a +1 shortbow
 b - a +0 short sword (weapon)
Missiles
 d - 13 arrows
Armour
 c - a +0 leather armour (worn)
Jewellery
 o - a +2 ring of evasion {unknown}
 p - an uncursed ring of positive energy {unknown}
 s - an uncursed ring of protection from fire {unknown}
Scrolls
 e - 3 scrolls of identify {unknown}
 i - 2 scrolls of blinking {unknown}
 k - a scroll of fog {unknown}
 l - a scroll of noise {unknown}
 m - a scroll of recharging {unknown}
 n - 2 scrolls of remove curse {unknown}
 r - a scroll of fear {unknown}
Potions
 h - a potion of curing {unknown}
 j - a potion of cure mutation {unknown}
Comestibles
 f - 2 bread rations
 g - 3 beef jerkies
 q - 12 fruits


   Skills:
 + Level 2.6 Fighting
 + Level 5.9 Bows
 + Level 3.0 Dodging
 + Level 2.7 Stealth


You had 3 spell levels left.
You didn't know any spells.

Dungeon Overview and Level Annotations

Branches:
Dungeon (3/15)

Altars:


Message History

Okay, then.
Wield which item (- for none, * to show all)? (? for menu, Esc to quit)
b - a +0 short sword (weapon)
The scorpion completely misses you.
You are too injured to fight recklessly!
You are too injured to fight recklessly!
You are too injured to fight recklessly!
You are too injured to fight recklessly!
You closely miss the scorpion.
The scorpion is heavily wounded.
The scorpion closely misses you.
You hit the scorpion but do no damage.
The scorpion is heavily wounded.
The scorpion stings you.
* * * LOW HITPOINT WARNING * * *
You hit the scorpion but do no damage.
The scorpion is heavily wounded.
* * * LOW HITPOINT WARNING * * *
You feel sick. The scorpion stings you.
You die...

.⌠.#..#.⌠.#.####.######...
..#≈≈#...#...............
###≈≈≈≈###≈..........##...
≈≈≈≈≈≈≈≈≈≈...........##...
≈≈≈≈≈≈≈≈≈≈...........##..)
#≈≈≈≈###≈..........##...
#≈≈#...#..........##... #
#.⌠.#.#######..##...
#..@#.# #..##...
#....###sg# #..##### .....
.s.# ...# . ...... .... .
...... ...(. ......
.....(. .... .......
......(


You could see a scorpion, a giant cockroach and a goblin.

Vanquished Creatures
  A worker ant (D:3)
  An adder (D:2)
  An ooze (D:3)
  A worm (D:2)
  A dart slug (D:1)
  A giant gecko (D:2)
  3 giant cockroaches
  4 goblins
  4 hobgoblins
  2 jackals (D:3)
  3 kobolds
  7 bats
  5 rats
34 creatures vanquished.

Vanquished Creatures (others)
  A giant gecko (D:2)
1 creature vanquished.

Grand Total: 35 creatures vanquished

Notes
Turn   | Place    | Note
--------------------------------------------------------------
     0 | D:1      | nikopol the High Elf Hunter began the quest for the Orb.
     0 | D:1      | Reached XP level 1. HP: 14/14 MP: 2/2
   176 | D:1      | Reached XP level 2. HP: 19/19 MP: 3/3
  1008 | D:2      | Reached XP level 3. HP: 24/24 MP: 4/4
  1507 | D:3      | Reached XP level 4. HP: 30/30 MP: 5/5
  1620 | D:3      | Slain by a scorpion

Skill      XL: |  1  2  3 |
---------------+----------+-----
Stealth        | 2 |  2.7
Dodging        | 3 |  3.0
Fighting       | |  2.6
Bows           | |  5.9

Action                   |  1- 3 |  4- 6 || total
-------------------------+-------+-------++-------
Melee: Short sword       |       |     3 ||     3
 Fire: Shortbow          |    98 |    23 ||   121
  Eat: Chunk             |     2 |       ||     2
Armor: Leather armour    |     9 |     3 ||    12
Dodge: Dodged            |    14 |    12 ||    26
